 Dungeon Crawl Stone Soup version 0.19-a0-1740-g0bcaf2e (webtiles) character file.

234 Amnesiac the Digger (level 5, 0/28 HPs)
             Began as a Deep Elf Earth Elementalist on Oct 1, 2016.
             Slain by an orc
             ... wielding a +0 short sword
              (4 damage)
             ... on level 4 of the Dungeon.
             The game lasted 00:04:10 (1413 turns).

Amnesiac the Digger (Deep Elf Earth Elementalist)   Turns: 1413, Time: 00:04:10

Health: 0/28       AC:  5    Str:  5    XL:     5   Next: 75%
Magic:  3/13       EV: 13    Int: 20    God:
Gold:   103        SH:  0    Dex: 16    Spells: 3 memorised, 5 levels left

rFire  . . .     SeeInvis .     f - +0 dagger
rCold  . . .     Gourm    .     c - +0 robe
rNeg   . . .     Faith    .     (no shield)
rPois  .         Spirit   .     k - +2 helmet
rElec  .         Dismiss  .     (no cloak)
rCorr  .         Reflect  .     (no gloves)
MR     .....     Harm     .     (no boots)
Stlth  ++........               (no amulet)
                                (no ring)
                                (no ring)

@: very slightly contaminated
A: no striking features
a: no special abilities


You were on level 4 of the Dungeon.
You were hungry.

You visited 1 branch of the dungeon, and saw 4 of its levels.

You collected 103 gold pieces.

Inventory:

Hand Weapons
 f - a +0 dagger (weapon)
Armour
 c - a +0 robe (worn)
 k - a +2 helmet (worn)
Jewellery
 a - an uncursed ring of wizardry {unknown}
Scrolls
 b - a scroll of enchant weapon {unknown}
 g - a scroll of amnesia {unknown}
 i - a scroll of fog {unknown}
 l - 2 scrolls of teleportation {unknown}
 o - 3 scrolls of remove curse {unknown}
 s - a scroll of identify {unknown}
Potions
 m - 2 potions of haste {unknown}
 n - a potion of curing {unknown}
Books
 e - a book of Geomancy

   Spells                             Type                      Level
   a - Sandblast                      Earth                        1
   b - Passwall                       Transmutation/Earth          2
   c - Stone Arrow                    Conjuration/Earth            3
   d - Petrify                        Transmutation/Earth          4
   e - Lee's Rapid Deconstruction     Earth                        5
 q - a book of Maledictions

   Spells                             Type                      Level
   a - Corona                         Hexes                        1
   b - Ensorcelled Hibernation        Hexes/Ice                    2
   c - Confuse                        Hexes                        3
   d - Tukima's Dance                 Hexes                        3
   e - Dazzling Spray                 Conjuration/Hexes            3
Comestibles
 d - 3 bread rations
 h - 2 fruits
 j - a royal jelly
 r - a meat ration


   Skills:
 + Level 2.4 Short Blades
 - Level 2.4 Dodging
 - Level 3.4 Stealth
 - Level 4.0 Spellcasting
 - Level 4.0 Transmutations
 - Level 4.1 Earth Magic


You had 5 spell levels left.
You knew the following spells:

 Your Spells              Type           Power        Failure   Level  Hunger
e - Petrify               Tmut/Erth      ###.....     24%         4    ####...
f - Sandblast             Erth           ###...       2%          1    None
v - Passwall              Tmut/Erth      ###.......   3%          2    #......


Dungeon Overview and Level Annotations

Branches:
Dungeon (4/15)
 Temple: D:4-7

Altars:


Message History

The helpless orc wizard fails to defend itself.
You puncture the orc wizard!
You kill the orc wizard!
Your Short Blades skill increases to level 2!
The worker ant closely misses you.
An orc comes into view. It is wielding a short sword.
The hound barks!
The orc shouts!
The hound bites you. The worker ant completely misses you.
You barely miss the hound. The hound closely misses you.
The worker ant bites you but does no damage.
The orc priest invokes the aid of Beogh against you.
Beogh smites you!
* * * LOW HITPOINT WARNING * * *
Unknown command.
The hound bites you.
* * * LOW HITPOINT WARNING * * *
The worker ant misses you. The hound closely misses you.
You are feeling hungry.
The orc hits you with a short sword.
You die...

# #########.##
#####..........######
......####..........#
####### #.##..####.
####### #o##..#
....... #.###o###
#...... #.# #...#
#.###.. ##.###h#a# .
# #o.........o@##.#.#
. #.##.......<......#
.. #.#............#
.. #.##........#..#
... #. #.##.#........
# #.##....#..###
#.####.......
.$...... .......


You could see a hound, a worker ant, an orc priest and an orc.

Vanquished Creatures
  A necrophage (D:3)
  A scorpion (D:4)
  An orc wizard (D:4)
  4 adders
  3 worms
  3 dart slugs
  2 leopard geckos
  A giant cockroach (D:2)
  2 goblins
  3 jackals (D:3)
  A quokka (D:4)
  A frilled lizard (D:1)
  2 kobolds
  3 rats
28 creatures vanquished.

Notes
Turn   | Place    | Note
-------+----------+-------------------------------------------
     0 | D:1      | Amnesiac the Deep Elf Earth Elementalist began the quest for the Orb.
     0 | D:1      | Reached XP level 1. HP: 10/10 MP: 6/6
   151 | D:1      | Reached XP level 2. HP: 12/15 MP: 0/8
   199 | D:1      | Learned a level 2 spell: Passwall
   416 | D:2      | Reached XP level 3. HP: 19/19 MP: 8/10
   486 | D:3      | Noticed a necrophage
   491 | D:3      | Killed a necrophage
   491 | D:3      | Reached XP level 4. HP: 24/24 MP: 7/12
   532 | D:3      | Learned a level 4 spell: Petrify
  1066 | D:4      | Reached XP level 5. HP: 28/28 MP: 13/13
  1293 | D:4      | Reached skill level 1 in Short Blades
  1413 | D:4      | Slain by an orc

Vault maps used:
D:1:      dpeg_arrival_erosion
D:2:      first_bread, minmay_misc_feat_square,
          grunt_dithmenos_smoke_and_mirrors
D:3:      feat_on_display
D:4:      serial_shops, shop

Skill      XL: |  1  2  3  4  5 |
---------------+----------------+-----
Earth Magic    | 4 |  4.1
Spellcasting   | 4 |  4.0
Transmutations | 3 4 |  4.0
Stealth        | 3 |  3.4
Short Blades   | 2 |  2.4
Dodging        | |  2.4

Action                   |  1- 3 |  4- 6 || total
-------------------------+-------+-------++-------
Melee: Dagger            |       |    14 ||    14
 Cast: Sandblast         |    27 |    13 ||    40
       Petrify           |       |     7 ||     7
       Passwall          |       |     3 ||     3
 Stab: Petrified         |       |     9 ||     9
       Sleeping          |       |     4 ||     4
  Eat: Chunk             |       |     3 ||     3
Armor: Robe              |     1 |     1 ||     2
Dodge: Dodged            |     3 |    11 ||    14
